AoeStats
← KDA HDT

Black Forest

510536472Analyzed
4v4 RM · 1d ago on Oct 1, 2026· 42m 1s· 8 players
Game mode
Random Map
Map size
Large (8 player)
Population
200
Speed
Normal
Resources
Standard
Victory
Conquest
Starting age
Dark Age
Ending age
Imperial Age
RankedLock teamsTeams togetherTeam positionsShared explorationLock speedFull tech treeHidden civsTurbo modeCheats
Victory
Defeat
🇫🇷 Spanish · France
1809
+11
🇻🇳 Vietnamese · Vietnam
1756
+13
🇨🇳 Huns · China
1733
+14
1719
+15
🇫🇷 Khitans · France
1734
-14
🇨🇿 Georgians · Czechia
1729
-15
🇬🇧 Saracens · United Kingdom
1661
-12
🇱🇻 Sicilians · Latvia
1661
-12
我一日三十分寝男
7:21 Loom
9:47 Feudal Age
9:51 Man-at-Arms
10:50 Double-Bit Axe
16:48 Town Watch
19:34 Castle Age
18:07 Gold Mining
18:42 Horse Collar
21:01 Bow Saw
27:46 Wheelbarrow
31:33 Imperial Age
29:26 Fletching
29:03 Crossbowman
30:07 Bodkin Arrow
30:41 Ballistics
31:59 Thumb Ring
32:10 Fortified Wall
32:11 Masonry
33:27 Chemistry
32:49 Bracer
33:28 Arbalester
35:21 Heavy Plow
35:23 Padded Archer Armor
37:59 Caravan
38:37 Stone Mining
40:24 Masonry
40:36 Bombard Tower
40:13 Murder Holes
40:36 Hand Cart
41:22 Town Patrol
=)Svanhilde
0:55 Loom
15:04 Feudal Age
15:37 Double-Bit Axe
18:41 Castle Age
16:48 Horse Collar
23:19 Wheelbarrow
23:29 Bow Saw
23:19 Heavy Plow
清远华
10:32 Feudal Age
11:26 Double-Bit Axe
14:20 Castle Age
12:24 Horse Collar
15:28 Bow Saw
25:01 Scale Barding Armor
25:21 Loom
26:12 Wheelbarrow
26:16 Chain Barding Armor
25:50 Town Watch
26:36 Heavy Plow
30:46 Imperial Age
28:11 Fletching
28:21 Padded Archer Armor
29:03 Bodkin Arrow
30:09 Ballistics
30:07 Leather Archer Armor
30:13 Thumb Ring
30:10 Husbandry
30:27 Hand Cart
31:17 Bloodlines
30:55 Heavy Cavalry Archer
32:43 Parthian Tactics
34:11 Bracer
34:47 Plate Barding Armor
35:14 Chemistry
35:43 Elite Tarkan
36:44 Conscription
36:36 Forging
37:28 Two-Man Saw
40:23 Marauders
41:29 Iron Casting
41:19 Guilds
KDA HDT
10:50 Feudal Age
14:55 Castle Age
12:43 Double-Bit Axe
13:40 Horse Collar
16:03 Bow Saw
16:21 Heavy Plow
22:31 Wheelbarrow
23:58 Gold Mining
25:27 Loom
26:08 Stone Mining
26:35 Hand Cart
30:48 Imperial Age
28:48 Scale Barding Armor
29:49 Bloodlines
29:39 Husbandry
30:51 Chain Barding Armor
30:55 Elite Battle Elephant
31:55 Forging
33:18 Two-Man Saw
33:31 Chatras
35:14 Plate Barding Armor
36:29 Chemistry
36:54 Iron Casting
37:55 Crop Rotation
37:26 Caravan
Franczesco
10:39 Feudal Age
14:17 Castle Age
12:22 Double-Bit Axe
12:17 Horse Collar
13:40 Stone Mining
17:07 Wheelbarrow
22:53 Hand Cart
22:27 Loom
23:22 Gold Mining
24:01 Bow Saw
24:08 Bow Saw
27:45 Imperial Age
25:52 Heavy Plow
25:57 Fletching
26:37 Bodkin Arrow
27:18 Caravan
27:40 Scale Barding Armor
28:09 Forging
30:15 Chain Barding Armor
29:56 Husbandry
30:06 Bloodlines
32:50 Plate Barding Armor
32:37 Conscription
33:23 Bracer
33:04 Elite Monaspa
34:31 Iron Casting
35:27 Hoardings
36:27 Blast Furnace
35:45 Masonry
36:31 Ballistics
37:30 Architecture
41:23 Chemistry
41:37 Siege Engineers
JustAGecko
0:53 Loom
15:31 Feudal Age
15:56 Feudal Age
19:35 Castle Age
18:08 Horse Collar
18:39 Double-Bit Axe
21:34 Bow Saw
24:22 Wheelbarrow
28:05 Gold Mining
30:53 Gold Shaft Mining
30:15 Stone Mining
31:41 Town Watch
32:11 Hand Cart
32:12 Masonry
35:22 Imperial Age
34:03 Forging
34:43 Scale Barding Armor
35:49 Chain Barding Armor
35:29 Elite Mameluke
37:35 Fortified Wall
38:13 Plate Barding Armor
40:06 Chemistry
41:25 Fletching
41:21 Elite Skirmisher
42:01 Bodkin Arrow
AOKI_Zephyse
11:36 Feudal Age
13:06 Double-Bit Axe
15:44 Castle Age
13:56 Gold Mining
14:39 Scale Mail Armor
14:49 Domestication
16:03 Forging
17:37 Squires
27:36 Bow Saw
27:29 Pastoralism
29:42 Wheelbarrow
31:18 Hand Cart
33:05 Loom
34:21 Fortified Wall
37:42 Imperial Age
37:04 Scale Barding Armor
37:35 Iron Casting
37:58 Husbandry
38:21 Stone Mining
39:07 Chain Barding Armor
38:34 Capped Ram
39:04 Heavy Camel Rider
40:46 Plate Barding Armor
Zuvubii
0:43 Loom
11:09 Feudal Age
13:09 Horse Collar
13:16 Double-Bit Axe
20:19 Castle Age
19:26 Fletching
24:14 Heavy Plow
25:07 Bow Saw
26:34 Wheelbarrow
28:26 Gold Mining
28:26 Stone Mining
34:38 Imperial Age
32:24 Hand Cart
31:54 Town Watch
32:32 Forging
32:22 Scale Mail Armor
33:38 First Crusade
33:55 Caravan
34:33 Chain Mail Armor
34:56 Iron Casting
35:40 Conscription
34:56 Elite Serjeant
36:18 Plate Mail Armor
35:49 Pikeman
36:29 Squires
36:15 Arson
37:56 Blast Furnace
36:32 Halberdier
37:12 Bodkin Arrow
37:06 Arrowslits
37:32 Masonry
37:17 Murder Holes
39:59 Chemistry
40:43 Ballistics
40:26 Bracer
Connection lost

Rejoining the realm…

Still unreachable

The connection could not be restored.

Session expired

The server has moved on; the page needs a fresh start.